 Dungeon Crawl Stone Soup version 0.14-a0-3499-g5545dd3 (webtiles) character file.

149 ryw the Skirmisher (level 4, -3/39 HPs)
             Began as a Demonspawn Monk on Mar 26, 2014.
             Killed by divine providence
             ... invoked by an orc priest
              (11 damage)
             ... on Level 3 of the Dungeon.
             The game lasted 00:06:40 (2532 turns).

ryw the Skirmisher (Demonspawn Monk)                Turns: 2532, Time: 00:06:40

HP  -3/39        AC  6     Str 12      XL: 4   Next: 27%
MP   4/4         EV  7     Int 11      God:
Gold 63          SH  0     Dex 16      Spells:  0 memorised,  3 levels left

rFire  . . .     SeeInvis .     y - +0 long sword
rCold  . . .     Clarity  .     w - +0 scale mail
rNeg   . . .     Conserve .     (no shield)
rPois  .         rCorr    .     (no helmet)
rElec  .         rRot     .     (no cloak)
SustAb . .       Spirit   .     (no gloves)
rMut   .         Warding  .     (no boots)
Saprov . . .     Stasis   .     (no amulet)
MR     .....                    (no ring)
                                (no ring)

@: not resistant to hostile enchantments, extremely unstealthy
A: spiny 1
a: no special abilities


You were on level 3 of the Dungeon.
You were hungry.

You visited 1 branch of the dungeon, and saw 3 of its levels.

You collected 63 gold pieces.

Inventory:

Hand weapons
 t - a +0,+0 flail
 x - a +2,+0 hand axe of electrocution
 y - a +0,+0 long sword (weapon)
 A - a +2,+1 sling
Missiles
 e - 24 stones
 i - 15 darts
 p - 8 silver darts (quivered)
 v - 5 curare-tipped needles
Armour
 w - a +0 scale mail (worn)
Comestibles
 b - a bread ration
 l - a meat ration
 r - 2 chokos
 s - 4 chunks of orc flesh
Scrolls
 c - 2 scrolls of noise {unknown}
 d - 2 scrolls of recharging {unknown}
 f - a scroll of fear {unknown}
 h - 2 scrolls of magic mapping {unknown}
 k - a scroll of random uselessness {unknown}
 m - 3 scrolls of identify {unknown}
 n - 4 scrolls of remove curse {unknown}
 o - a scroll of amnesia {unknown}
Potions
 a - a potion of mutation {unknown}
 g - a potion of restore abilities {unknown}
 j - 3 potions of curing {unknown}
 u - a potion of brilliance {unknown}
Miscellaneous
 q - a plain deck of changes


   Skills:
 + Level 5.1 Fighting
 - Level 2.6 Dodging
 - Level 1.7 Stealth
 - Level 3.6 Unarmed Combat


You had 3 spell levels left.
You didn't know any spells.

Dungeon Overview and Level Annotations

Branches:
Dungeon (3/15)

Altars:
Fedhas
Nemelex Xobeh

Annotations:
D:2 Crazy Yiuf


Innate Abilities, Weirdness & Mutations

You are partially covered in sharp spines.


Message History

You feel sick.
The orc shouts!
The orc hits you with a mace. The orc hits you with a flail!
The orc wizard hits you with a dagger.
You see here a bread ration.
You feel sick.
You are no longer poisoned.
The orc throws a tomahawk.
The tomahawk hits you!
The orc wizard gestures wildly while chanting.
The orc wizard flickers and vanishes!
Deactivating autopickup; reactivate with Ctrl-A.
The orc hits you with a mace.
The orc priest invokes the aid of Beogh against you.
Something smites you!
* * * LOW HITPOINT WARNING * * *
The orc priest's eyes start to glow.
There is a stone staircase leading down here.
The orc priest calls down the wrath of Beogh upon you.
Something smites you!
You die...

#......####. . ##
#######.##......... #.# .#
#####...#...............#.#
.#..........?o................
.#######.#.#.##............#.#
.#.......#.#.##............#.# #
.#.........#.##...%........#.#.#
.#.......###.##...##.#######.#.#
.+$#.?.#o# #.##.@.......oo.....#
.#.... #.###.....###########.#.#
.#### #.........o...#### #o# #
.# ####.......o.....# #.#.## .#
#.............####..... .#
###...................... .#
#........###...#####.#.## #####
#.#####..# ##### ###.# ....# #.#
#..# ..


You could see an orc priest and 2 orcs.

Vanquished Creatures
  2 adders (D:3)
  2 giant mites
  A worm (D:2)
  3 giant geckos
  An ooze (D:1)
  4 orcs (D:3)
  A giant cockroach (D:2)
  2 hobgoblins
  A quokka (D:3)
  5 bats
  3 giant newts (D:1)
  5 goblins
  4 jackals (D:2)
  8 kobolds
  A rat (D:1)
43 creatures vanquished.

Notes
Turn   | Place    | Note
--------------------------------------------------------------
     0 | D:1      | ryw, the Demonspawn Monk, began the quest for the Orb.
     0 | D:1      | Reached XP level 1. HP: 18/18 MP: 1/1
   290 | D:1      | Gained mutation: You are partially covered in sharp spines. [demonic ancestry]
   290 | D:1      | Reached XP level 2. HP: 14/24 MP: 2/2
   668 | D:1      | Reached skill level 4 in Fighting
   941 | D:2      | Noticed Crazy Yiuf
  1135 | D:2      | Reached XP level 3. HP: 30/30 MP: 3/3
  1147 | D:2      | Found a sparkling altar of Nemelex Xobeh.
  1325 | D:2      | Found a blossoming altar of Fedhas.
  2143 | D:3      | Reached XP level 4. HP: 33/38 MP: 4/4
  2154 | D:3      | Reached skill level 5 in Fighting
  2532 | D:3      | Killed from afar by an orc priest

Action                   |  1- 3 |  4- 6 || total
-------------------------+-------+-------++-------
Melee: Unarmed           |    56 |       ||    56
       War axe           |    86 |    15 ||   101
       Short sword       |     5 |       ||     5
       Long sword        |       |    14 ||    14
Throw: Dart              |     6 |       ||     6
       Stone             |     5 |       ||     5
 Stab: Sleeping          |     1 |       ||     1
